 Dungeon Crawl Stone Soup version 0.23.2-40-g277498a001 (webtiles) character file.

Game seed: 3815219662745008038

1196 ANON1729 the Chopper (level 8, -3/76 HPs)
             Began as a Naga Gladiator on Sept 19, 2019.
             Was an Initiate of Uskayaw.
             Slain by Menkaure (22 damage)
             ... on level 6 of the Dungeon.
             The game lasted 00:11:06 (6457 turns).

ANON1729 the Chopper (Naga Gladiator)               Turns: 6457, Time: 00:11:06

Health: -3/76      AC:  7    Str: 18    XL:     8   Next: 44%
Magic:  5/8        EV: 12    Int:  9    God:    Uskayaw [......]
Gold:   295        SH:  0    Dex: 13    Spells: 7/7 levels left

rFire    . . .     SeeInvis +   a - +0 war axe
rCold    . . .     Gourm    .   (no shield)
rNeg     . . .     Faith    .   b - +0 leather armour
rPois    +         Spirit   .   o - +2 helmet
rElec    .         Reflect  .   (no cloak)
rCorr    .         Harm     .   (no gloves)
MR       +....     Clarity  +   (no barding)
Stlth    +.........             (no amulet)
HPRegen  0.22/turn              (no ring)
MPRegen  0.11/turn              (no ring)

@: very slow
A: large, see invisible, clarity, deformed body, poison resistance, slowness 2,
slow metabolism 1, spit poison 1, wild magic 1, AC +2
a: Spit Poison, Renounce Religion


You were on level 6 of the Dungeon.
You worshipped Uskayaw.
Uskayaw was noncommittal.
You were not hungry.

You visited 2 branches of the dungeon, and saw 7 of its levels.
You also visited: Sewer and Ossuary.

You collected 295 gold pieces.

Inventory:

Hand Weapons
 a - a +0 war axe (weapon)
 y - a +0 broad axe
Missiles
 d - 3 throwing nets (quivered)
Armour
 b - a +0 leather armour (worn)
 o - a +2 helmet (worn)
Jewellery
 A - a cursed amulet of guardian spirit
Wands
 c - a wand of polymorph (7)
Scrolls
 e - 2 scrolls of enchant weapon
 h - 4 scrolls of fear {unknown}
 k - 4 scrolls of remove curse
 l - 3 scrolls of amnesia
 n - 2 scrolls of blinking
 p - a scroll of immolation {unknown}
 q - a scroll of teleportation
 u - a scroll of vulnerability {unknown}
 v - 2 scrolls of identify
Potions
 g - 3 potions of curing
 i - a potion of mutation
 j - 3 potions of magic
 m - a potion of haste
 r - 2 potions of might {unknown}
 s - 2 potions of heal wounds {unknown}
 t - 2 potions of brilliance {unknown}
 w - a potion of lignification
 x - 4 potions of agility {unknown}
 z - 2 potions of ambrosia {unknown}
Comestibles
 f - 15 rations


   Skills:
 * Level 6.1 Fighting
 * Level 6.5 Axes
 - Level 2.2 Throwing
 + Level 4.9 Dodging


You had 7 spell levels left.
You didn't know any spells.
Your spell library was empty.

Dungeon Overview and Level Annotations

Branches:
Dungeon (6/15)             Temple (1/1) D:5

Altars:
Ashenzari
Cheibriados
Dithmenos
Fedhas
Gozag
Hepliaklqana
Kikubaaqudgha
Makhleb
Nemelex Xobeh
Qazlal
Ru
Sif Muna
Trog
Uskayaw
Vehumet
Xom
Yredelemnul
Zin
The Shining One

Shops:
D:4 (

Annotations:
D:6 Menkaure


Innate Abilities, Weirdness & Mutations

You cannot wear boots.
Your serpentine skin is tough. (AC +2)
You have supernaturally acute eyesight. (SInv)
Armour fits poorly on your strangely shaped body.
Your system is resistant to poisons. (rPois)
You cover ground very slowly.
You have a slow metabolism.
You can spit poison.
You possess an exceptional clarity of mind.
Your spells are a little harder to cast, but a little more powerful.


Message History

You are too injured to fight recklessly!
You are too injured to fight recklessly!
You are too injured to fight recklessly!
You are too injured to fight recklessly!
You are too injured to fight recklessly!
You are too injured to fight recklessly!
You are too injured to fight recklessly!
You are too injured to fight recklessly!
You are too injured to fight recklessly!
You stomp with the beat, sending a shockwave through the revelers around you!
Menkaure is heavily damaged.
You feel somewhat more hungry.
You can no longer stomp with the beat.
Menkaure hits you!!
* * * LOW HITPOINT WARNING * * *
You barely miss Menkaure.
Menkaure is heavily damaged.
Menkaure shouts, "The curse of the Pharaohs be upon you!"
Menkaure hits you!!
You die...

#... ####.. .....
...## ... # #
###†##.#.## #.
.######..........
#..........M....####
....######@#.####
.)...##....#.##
.............>#
...#.#.####..# # #.#
#..# #.# #..# #.#
... #.# #.## #.# #.#
#.# #.#


You could see Menkaure.

Vanquished Creatures
  Edmund (D:4)
  A centaur (D:5)
  A crocodile (Sewer)
  A big kobold (D:5)
  Blork the orc (D:5)
  A bullfrog (D:6)
  4 water moccasin zombies (Ossuary)
  A crimson imp (Temple)
  An orc priest (D:3)
  A hound (D:4)
  2 orc wizards (D:4)
  Ijyb (D:3)
  A worker ant (D:4)
  2 big kobold zombies (Ossuary)
  2 mummies (Ossuary)
  7 adders
  3 gnolls (D:2)
  A shadow imp (D:3)
  4 oozes
  2 adder zombies (Ossuary)
  7 worms
  A leopard gecko (D:3)
  4 orcs
  7 giant cockroaches
  3 gnoll zombies (Ossuary)
  5 goblins
  7 hobgoblins
  10 jackals
  12 kobolds
  A quokka (D:4)
  4 ball pythons
  5 bats
  5 frilled lizards
  6 hobgoblin zombies (Ossuary)
  6 kobold zombies (Ossuary)
  6 orc zombies (Ossuary)
  10 rats
137 creatures vanquished.

Notes
Turn   | Place    | Note
-------+----------+-------------------------------------------
     0 | D:1      | ANON1729 the Naga Gladiator began the quest for the Orb.
     0 | D:1      | Reached XP level 1. HP: 19/19 MP: 1/1
     1 | D:1      | Found a runed translucent door.
    20 | D:1      | Reached XP level 2. HP: 11/26 MP: 2/2
   377 | D:1      | Reached XP level 3. HP: 29/33 MP: 3/3
  1294 | D:2      | Reached XP level 4. HP: 31/40 MP: 4/4
  1777 | D:2      | Reached XP level 5. HP: 37/49 MP: 5/5
  2126 | D:2      | Found an opulent altar of Gozag.
  2249 | D:3      | Found a hazy altar of Hepliaklqana.
  2510 | D:3      | Found a glowing drain.
  2522 | Sewer    | Entered a sewer
  2572 | Sewer    | Noticed a crocodile
  2586 | Sewer    | Gained mutation: Your spells are a little harder to cast,
                  | but a little more powerful. [potion of mutation]
  2586 | Sewer    | Gained mutation: You possess an exceptional clarity of
                  | mind. [potion of mutation]
  2593 | Sewer    | Killed a crocodile
  2593 | Sewer    | Reached XP level 6. HP: 17/57 MP: 6/6
  3147 | D:3      | Found a sacrificial altar of Ru.
  3147 | D:3      | Noticed Ijyb
  3149 | D:3      | Found a deep blue altar of Sif Muna.
  3173 | D:3      | Found a snail-covered altar of Cheibriados.
  3742 | D:3      | Killed Ijyb
  4223 | D:4      | Found a sand-covered staircase.
  4228 | Ossuary  | Entered an ossuary
  4425 | Ossuary  | Reached XP level 7. HP: 66/66 MP: 7/7
  4427 | Ossuary  | Reached skill level 5 in Axes
  4881 | D:4      | Found Hois's Antique Weapon Shop.
  5226 | D:4      | Reached skill level 5 in Fighting
  5447 | D:5      | Entered Level 5 of the Dungeon
  5447 | D:5      | Noticed Edmund
  5465 | D:4      | Killed Edmund
  5465 | D:4      | Reached XP level 8. HP: 30/75 MP: 8/8
  5721 | D:5      | Found a staircase to the Ecumenical Temple.
  5754 | Temple   | Entered the Ecumenical Temple
  5912 | Temple   | Became a worshipper of Uskayaw the Reveler
  6050 | D:5      | Found a stormy altar of Qazlal.
  6094 | D:5      | Noticed Blork the orc
  6101 | D:5      | Reached * piety under Uskayaw
  6103 | D:5      | Killed Blork the orc
  6132 | D:5      | Reached ** piety under Uskayaw
  6134 | D:5      | Reached *** piety under Uskayaw
  6443 | D:6      | Noticed Menkaure
  6457 | D:6      | Slain by Menkaure

Skill      XL: |  1  2  3  4  5  6  7  8 |
---------------+-------------------------+-----
Throwing       | 2 |  2.2
Dodging        | 3 4 |  4.9
Fighting       | 3 4 5 6 |  6.1
Axes           | 4 5 6 |  6.5

Action                   |  1- 3 |  4- 6 |  7- 9 || total
-------------------------+-------+-------+-------++-------
Melee: War axe           |    77 |   248 |   163 ||   488
       Unarmed           |       |    17 |       ||    17
Invok: Stomp             |       |       |     1 ||     1
 Abil: Spit Poison       |     3 |     4 |     2 ||     9
  Use: Potion            |       |     5 |     1 ||     6
       Scroll            |       |     7 |     1 ||     8
 Stab: Distracted        |     1 |       |       ||     1
  Eat: Chunk             |     1 |     8 |     6 ||    15
Armor: Leather armour    |    22 |    88 |    54 ||   164
       Skin              |       |     1 |    15 ||    16
Dodge: Dodged            |    55 |   200 |    81 ||   336
